 Dungeon Crawl Stone Soup version 0.23-a0-61-g4bf3f6c (webtiles) character file.

10670 Amnesiac the Geomancer (level 11, 0/68 HPs)
             Began as a Mummy Earth Elementalist on Aug 9, 2018.
             Was an Elder of Vehumet.
             Slain by an unseen horror (7 damage)
             ... on level 11 of the Dungeon.
             The game lasted 00:20:30 (8851 turns).

Amnesiac the Geomancer (Mummy Earth Elementalist)   Turns: 8851, Time: 00:20:31

Health: 0/68       AC:  3    Str: 13    XL:     11   Next: 39%
Magic:  27/31      EV: 12    Int: 21    God:    Vehumet [****..]
Gold:   724        SH:  0    Dex: 12    Spells: 17/34 levels left

rFire    . . .     SeeInvis .   a - +0 dagger (venom)
rCold    . . .     Gourm    .   (no shield)
rNeg     + + +     Faith    .   c - +0 robe
rPois    ∞         Spirit   .   b - +0 Maxwell's etheric cage {RegenMP+ *Contam rElec MP+4}
rElec    +         Reflect  .   k - scarf {repulsion}
rCorr    .         Harm     .   (no gloves)
MR       +....                  (no boots)
Stlth    ++........             (no amulet)
HPRegen  0.21/turn              m - ring of fire MPRegen 0.72/turn*
                                l - +4 ring of intelligence

@: repel missiles
A: no food or potions, fire vulnerability, cold resistance 1, negative energy
resistance 3, torment resistance, unbreathing
a: Renounce Religion


You were on level 11 of the Dungeon.
You worshipped Vehumet.
Vehumet was greatly pleased with you.
You were not hungry.

You visited 2 branches of the dungeon, and saw 12 of its levels.
You also visited: Ossuary.

You collected 724 gold pieces.

Inventory:

Hand Weapons
 a - a +0 dagger of venom (weapon)
Missiles
 h - 130 stones (quivered)
 p - 2 throwing nets
Armour
 b - the +0 Maxwell's etheric cage (worn) {RegenMP+ *Contam rElec MP+4}
   (You found it on level 9 of the Dungeon)

   It insulates you from electricity.
   It affects your magic capacity (+4).
   It causes magical contamination when unequipped.
 c - a +0 robe (worn)
 k - a scarf of repulsion (worn)
Jewellery
 e - an uncursed ring of stealth
 l - a +4 ring of intelligence (right hand)
 m - a ring of fire (left hand)
 o - an uncursed ring of see invisible
 v - an uncursed ring of flight
 w - the ring "Umygh" {+Blink rF- rN+++ Dex+3 Slay-5}
   (You found it on level 8 of the Dungeon)

   [ring of dexterity]

   It affects your dexterity (+3).
   It affects your accuracy and damage with ranged weapons and melee attacks
   (-5).
   It makes you vulnerable to fire.
   It renders you almost immune to negative energy.
   It lets you blink.
 y - an uncursed ring of fire
Wands
 n - a wand of paralysis (25)
 x - a wand of iceblast (6)
Scrolls
 d - 3 scrolls of fog {!r}
 f - 3 scrolls of summoning {!r, unknown}
 g - 4 scrolls of blinking {!r}
 i - 3 scrolls of teleportation {!r}
 j - 5 scrolls of amnesia {!r}
 q - a scroll of magic mapping {!r}
 s - 5 scrolls of identify {!r}
 t - 2 scrolls of enchant armour {!r}
 u - 4 scrolls of remove curse {!r}
 z - a scroll of silence {!r, unknown}


   Skills:
 - Level 1.5 Dodging
 - Level 1.5 Stealth
 + Level 12.3 Spellcasting
 - Level 0.7 Transmutations
 * Level 12.4 Earth Magic


You had 17 spell levels left.
You knew the following spells:

 Your Spells              Type           Power        Failure   Level  Hunger
a - Sandblast             Erth           ######       1%          1    N/A
b - Passwall              Tmut/Erth      #####...     1%          2    N/A
c - Stone Arrow           Conj/Erth      #####.       1%          3    N/A
d - Lee's Rapid Deconstr  Erth           ######....   1%          5    N/A
e - Petrify               Tmut/Erth      #####...     3%          4    N/A
z - Swiftness             Chrm/Air       ##......     8%          2    N/A

Your spell library contained the following spells:

 Spells                   Type           Power        Failure   Level  Hunger
 Lightning Bolt           Conj/Air       ##........   32%         5    N/A
 Confuse                  Hex            ##......     16%         3    N/A
 Tukima's Dance           Hex            ##......     16%         3    N/A
 Shock                    Conj/Air       ##..         1%          1    N/A
 Airstrike                Air            ##........   13%         4    N/A
 Ensorcelled Hibernation  Hex/Ice        ##....       8%          2    N/A
 Static Discharge         Conj/Air       ##......     4%          3    N/A
 Corona                   Hex            ##.....      4%          1    N/A
 Dazzling Spray           Conj/Hex       ##....       4%          3    N/A

Dungeon Overview and Level Annotations

Branches:
Dungeon (11/15)            Temple (1/1) D:6            Lair (0/6) D:10
    Orc: D:9-12

Altars:
Ashenzari
Cheibriados
Dithmenos
Elyvilon
Fedhas
Gozag
Hepliaklqana
Kikubaaqudgha
Makhleb
Nemelex Xobeh
Okawaru
Qazlal
Ru
Sif Muna
Trog
Uskayaw
Vehumet
Wu Jian
Xom
Yredelemnul
Zin
The Shining One
Beogh

Shops:
D:5 (*[[   D:6 *   D:8 :

Annotations:
D:11 Urug


Innate Abilities, Weirdness & Mutations

You do not eat or drink.
Your flesh is vulnerable to fire.
You are immune to poison.
Your flesh is cold resistant. (rC+)
You are immune to negative energy. (rN+++)
You are immune to unholy pain and torment.
You can survive without breathing.


Message History

Press: ? - help, Dir - move target cursor A rock wall.
The wall shatters!
The blast of rock fragments hits Urug.
Urug is severely wounded.
Unknown command.
Casting: Lee's Rapid Deconstruction (safe; 1% risk of failure)
Confirm with . or Enter, or press ? or * to list all spells.
Aiming: Lee's Rapid Deconstruction (safe; 1% risk of failure)
Press: ? - help, Dir - move target cursor A rock wall.
The wall shatters!
The blast of rock fragments hits Urug.
Urug is almost dead.
Urug hits you with an eveningstar of freezing!!
* * * LOW HITPOINT WARNING * * *
Urug freezes you!
* * * LOW HITPOINT WARNING * * *
Really read
r - a scroll of fear {!r}?
As you read the scroll of fear {!r}, it crumbles to dust.
You assume a fearsome visage.
Urug looks frightened!
Urug gives up.
Casting: Lee's Rapid Deconstruction (safe; 1% risk of failure)
Confirm with . or Enter, or press ? or * to list all spells.
You don't have enough magic to cast that spell.
Evoke which item? (* to show all) (? for menu, Esc to quit)
Okay, then.
Urug begs for mercy.
Evoke which item? (* to show all) (? for menu, Esc to quit)
Okay, then.
Evoke which item? (* to show all) (? for menu, Esc to quit)
Aiming: Iceblast
Press: ? - help, Shift-Dir - straight line The mass of ice explodes!
Casting: Lee's Rapid Deconstruction (safe; 1% risk of failure)
Confirm with . or Enter, or press ? or * to list all spells.
Aiming: Lee's Rapid Deconstruction (safe; 1% risk of failure)
Press: ? - help, Dir - move target cursor A rock wall.
The wall shatters!
Unknown command.
There is an escape hatch in the ceiling here.
You start resting.
Magic restored.
You start resting.
Magic restored.
You start resting.
Something hits you!
* * * LOW HITPOINT WARNING * * *
Deactivating autopickup; reactivate with Ctrl-A.
You hit something but do no damage. Something hits you.
* * * LOW HITPOINT WARNING * * *
Something hits you.
* * * LOW HITPOINT WARNING * * *
Something hits you!
* * * LOW HITPOINT WARNING * * *
Casting: Lee's Rapid Deconstruction (safe; 1% risk of failure)
Confirm with . or Enter, or press ? or * to list all spells.
Aiming: Lee's Rapid Deconstruction (safe; 1% risk of failure)
Press: ? - help, Dir - move target cursor A metal wall.
The metal wall shatters!
The blast of metal fragments hits something.
You hear a shout!
You hear a loud, deep croak!
Something hits you!
You die...

......%%...##.....#
...........##.....#
########...)......####..
#.... #...).)..........
#..... #....)...........
'..... #.........####+
#.....%#.........#
#......#.#######.#
......'.# #@#
#(#######.# #...<.....#
#.........# #.........#
+.........# ###########


There were no monsters in sight!

Vanquished Creatures
  Josephine (D:10)
  A centaur warrior (D:10)
  A two-headed ogre (D:10)
  Nergalle (D:10)
  The ghost of Gorice the Arsonist, a novice DEFE of Vehumet (D:8)
  An ugly thing (D:10)
  A kobold demonologist (D:11)
  A troll (D:10)
  3 wraiths (D:10)
  2 wyverns
  Eustachio (D:4)
  2 hungry ghosts
  6 swamp worms (D:9)
  A water moccasin (D:10)
  5 orc warriors
  4 ice beasts
  3 black bears
  2 sky beasts
  An eye of draining (D:9)
  8 ogres
  A centaur (D:8)
  6 bullfrogs
  A wyvern zombie (D:10)
  6 scorpions
  4 wights (D:8)
  3 killer bees (D:10)
  3 howler monkeys
  A bullfrog zombie (D:10)
  3 crimson imps
  6 orc priests
  4 hounds
  A jelly (D:9)
  5 quasits
  A centaur skeleton (D:10)
  8 orc wizards
  2 bullfrog skeletons
  An iguana (D:7)
  2 worker ants
  8 big kobold zombies (Ossuary)
  A hound zombie (D:5)
  A mummy (Ossuary)
  3 worker ant zombies
  3 gnolls (D:5)
  12 adders
  2 shadow imps
  2 oozes
  An adder skeleton (D:9)
  An adder zombie (D:6)
  5 worms
  3 dart slugs
  5 leopard geckos
  44 orcs
  A spectral bat (Ossuary)
  2 ball pythons
  3 giant cockroaches
  4 gnoll zombies (Ossuary)
  6 goblins
  7 hobgoblins
  13 jackals
  3 bats
  4 bat simulacra (Ossuary)
  6 frilled lizards
  A goblin simulacrum (Ossuary)
  3 goblin zombies (Ossuary)
  5 hobgoblin zombies (Ossuary)
  8 kobolds
  3 kobold simulacra (Ossuary)
  7 kobold zombies (Ossuary)
  3 orc zombies (Ossuary)
  A quokka zombie (D:5)
  9 rats
  2 rat simulacra (Ossuary)
  2 spectral goblins (Ossuary)
  4 spectral kobolds (Ossuary)
  6 spectral rats (Ossuary)
  A plant (D:9)
299 creatures vanquished.

Vanquished Creatures (others)
  A plant (D:9)
1 creature vanquished.

Grand Total: 300 creatures vanquished

Notes
Turn   | Place    | Note
-------+----------+-------------------------------------------
     0 | D:1      | Amnesiac the Mummy Earth Elementalist began the quest for the Orb.
     0 | D:1      | Reached XP level 1. HP: 13/13 MP: 4/4
    65 | D:2      | Reached XP level 2. HP: 11/19 MP: 0/5
   179 | D:2      | Found a snail-covered altar of Cheibriados.
   279 | D:3      | Reached XP level 3. HP: 21/24 MP: 5/8
   630 | D:3      | Reached skill level 5 in Spellcasting
   630 | D:3      | Reached XP level 4. HP: 25/30 MP: 2/11
   936 | D:4      | Reached XP level 5. HP: 35/35 MP: 10/13
  1155 | D:4      | Learned a level 5 spell: Lee's Rapid Deconstruction
  1278 | D:4      | Noticed an ogre
  1383 | D:5      | Entered Level 5 of the Dungeon
  1383 | D:5      | Found Pej Qiux's Antique Armour Boutique.
  1404 | D:5      | Reached XP level 6. HP: 34/41 MP: 12/16
  1422 | D:5      | Noticed an ice beast
  1576 | D:4      | Noticed Eustachio
  1590 | D:4      | Killed Eustachio
  1590 | D:4      | Reached XP level 7. HP: 38/46 MP: 3/17
  1672 | D:4      | Reached skill level 5 in Earth Magic
  2167 | D:4      | Found a bloodstained altar of Trog.
  2168 | D:4      | Found a burning altar of Makhleb.
  2168 | D:4      | Found a basalt altar of Yredelemnul.
  2170 | D:4      | Found a stormy altar of Qazlal.
  2170 | D:4      | Found a shattered altar of Ashenzari.
  2373 | D:5      | Found Manakh's Antique Armour Boutique.
  2422 | D:5      | Found Teaz's General Store.
  2443 | D:5      | Paralysed by a gnoll for 4 turns
  2510 | D:5      | Found Heqigouz's Antique Weapon Shop.
  2799 | D:6      | Reached XP level 8. HP: 52/52 MP: 13/18
  2910 | D:6      | Learned a level 2 spell: Passwall
  2920 | D:6      | Learned a level 3 spell: Stone Arrow
  2925 | D:6      | Learned a level 4 spell: Petrify
  2941 | D:6      | Found a roughly hewn altar of Beogh.
  2941 | D:6      | Found Vuaqaidgh's Sacrilege Store.
  3048 | D:6      | Found a staircase to the Ecumenical Temple.
  3054 | Temple   | Entered the Ecumenical Temple
  3082 | Temple   | Became a worshipper of Vehumet
  3759 | D:1      | Reached * piety under Vehumet
  3759 | D:1      | Offered knowledge of Flame Tongue by Vehumet.
  5327 | D:7      | Found an ornate altar of the Wu Jian Council.
  5403 | D:7      | Reached XP level 9. HP: 57/57 MP: 14/21
  5537 | D:7      | Found an opulent altar of Gozag.
  5538 | D:7      | Found a sparkling altar of Nemelex Xobeh.
  5644 | D:7      | Got a bloodstained ring mail
  5843 | D:8      | Identified the +2 ring mail "Puumauj" {-Cast rF- SInv Stlth+} (You found it on level 7 of the Dungeon)
  5972 | D:8      | Found a sand-covered staircase.
  5998 | Ossuary  | Entered an ossuary
  6017 | Ossuary  | Reached ** piety under Vehumet
  6019 | Ossuary  | Offered knowledge of Throw Frost by Vehumet.
  6329 | Ossuary  | Offered knowledge of Inner Flame by Vehumet.
  6352 | Ossuary  | Reached *** piety under Vehumet
  6565 | D:8      | Found a transporter.
  6568 | D:8      | Noticed Gorice's ghost (novice DEFE)
  6572 | D:8      | Found a transporter.
  6577 | D:8      | Offered knowledge of Static Discharge by Vehumet.
  6582 | D:8      | Killed Gorice's ghost
  6587 | D:8      | Got the ring "Umygh" {Dex+3}
  6591 | D:8      | Identified the ring "Umygh" {+Blink rF- rN+++ Dex+3 Slay-5} (You found it on level 8 of the Dungeon)
  6634 | D:8      | Found Ococuqen's Book Boutique.
  6679 | D:8      | Reached skill level 10 in Earth Magic
  6722 | D:8      | Reached skill level 10 in Spellcasting
  7093 | D:9      | Reached XP level 10. HP: 50/63 MP: 3/24
  7149 | D:9      | Found the +0 Maxwell's etheric cage {RegenMP+ *Contam rElec MP+4}
  7274 | D:9      | Found a sacrificial altar of Ru.
  7353 | D:9      | Reached **** piety under Vehumet
  7734 | D:10     | Entered Level 10 of the Dungeon
  7734 | D:10     | Found an opulent altar of Gozag.
  7746 | D:10     | Offered knowledge of Conjure Flame by Vehumet.
  7763 | D:10     | Noticed Nergalle
  8009 | D:10     | Learned a level 2 spell: Swiftness
  8066 | D:10     | Noticed a centaur warrior
  8071 | D:10     | Killed a centaur warrior
  8140 | D:10     | Killed Nergalle
  8185 | D:10     | Reached XP level 11. HP: 52/68 MP: 5/26
  8252 | D:10     | Noticed Josephine
  8259 | D:10     | Killed Josephine
  8358 | D:10     | Noticed a green ugly thing
  8365 | D:10     | Killed a green ugly thing
  8444 | D:10     | Noticed a two-headed ogre
  8451 | D:10     | Killed a two-headed ogre
  8533 | D:10     | Found a staircase to the Lair.
  8723 | D:11     | Noticed Urug
  8735 | D:11     | HP: 3/68 [Urug/eveningstar of freezing (11)]
  8851 | D:11     | Slain by an unseen horror

Vault maps used:
D:1:      dpeg_arrival_snail
D:2:      kennysheep_slug_shrine
D:3:      first_ration
D:4:      grunt_temple_overflow_open, minmay_door_square, uniq_eustachio
D:5:      serial_shops, nicolae_shop_stone, shop, nicolae_shop_stone, shop
D:6:      minmay_temple_entry_trees, grunt_decor_cap, nicolae_evil_shop
D:7:      grunt_temple_overflow_opulence, lemuel_coloured_pillars_altar,
          grunt_ogre_cave, st_stairs_14, minivault_26
D:8:      gammafunk_ghost_stat_death, enter_ossuary_1, serial_shops,
          nicolae_shop_stone, minivault_25
D:9:      old_standard_altar, worms_lemuel
D:10:     lair_entry_dummy, basic_altar, nicolae_two_hexagons, uniq_nergalle,
          uniq_josephine
D:11:     due_unseen_surprise, uniq_urug
Temple:   minmay_temple_bridge_abc
Ossuary:  ossuary_zaba_two_paths

Skill      XL: |  1  2  3  4  5  6  7  8  9 10 11 |
---------------+----------------------------------+-----
Earth Magic    | 3 4 6 8 10 11 12 | 12.4
Spellcasting   | 3 5 7 8 10 11 12 | 12.3
Dodging        | |  1.5
Stealth        | |  1.5
Transmutations | |  0.7

Action                   |  1- 3 |  4- 6 |  7- 9 | 10-12 || total
-------------------------+-------+-------+-------+-------++-------
Melee: Trident           |       |     7 |    89 |       ||    96
       Short sword       |       |       |   136 |       ||   136
       Dagger            |       |       |     4 |     6 ||    10
Throw: Stone             |       |     1 |       |       ||     1
 Cast: Sandblast         |    46 |    57 |    90 |    16 ||   209
       Lee's Rapid Decon |       |     2 |    40 |    89 ||   131
       Stone Arrow       |       |       |    76 |       ||    76
       Petrify           |       |       |     3 |    15 ||    18
Evoke: Wand              |       |       |     1 |     1 ||     2
  Use: Scroll            |       |     2 |    12 |     1 ||    15
 Stab: Sleeping          |       |     1 |     2 |       ||     3
       Paralysed         |       |       |     3 |       ||     3
       Distracted        |       |       |     1 |       ||     1
Armor: Robe              |     3 |     6 |    64 |     6 ||    79
Dodge: Dodged            |    10 |    37 |   217 |    26 ||   290
       Deflected         |       |     2 |     7 |     2 ||    11

Table legend:
 A = Non-vault XP
 B = Vault XP
 C = Vault XP percentage of total XP
 D = Non-vault monster count
 E = Vault monster count
 F = Vault count percentage of total count
 G = Total turns spent on level
                 A         B        C        D         E       F
            +---------+---------+-------+---------+---------+-------
      Total |   10235 |    5008 |  32.9 |     225 |      73 |  24.5
            +---------+---------+-------+---------+---------+-------
        D:1 |      52 |       0 |   0.0 |      31 |       0 |   0.0
        D:2 |      37 |       4 |   9.8 |      13 |       1 |   7.1
        D:3 |     150 |       0 |   0.0 |      29 |       0 |   0.0
        D:4 |     475 |     185 |  28.0 |      24 |       1 |   4.0
        D:5 |     567 |       0 |   0.0 |      20 |       0 |   0.0
        D:6 |     974 |       0 |   0.0 |      21 |       0 |   0.0
        D:7 |     322 |     118 |  26.8 |       8 |       1 |  11.1
        D:8 |    1146 |     960 |  45.6 |      25 |       5 |  16.7
        D:9 |     837 |     970 |  53.7 |      15 |       6 |  28.6
       D:10 |    4878 |    2491 |  33.8 |      29 |       5 |  14.7
       D:11 |     757 |       0 |   0.0 |       9 |       0 |   0.0
     Temple |      40 |       0 |   0.0 |       1 |       0 |   0.0
    Ossuary |       0 |     280 | 100.0 |       0 |      54 | 100.0
            +---------+---------+-------+---------+---------+-------
